 Dungeon Crawl Stone Soup version 0.28-a0-697-g47f3eba078 (webtiles) character file.

Game seed: 13691410178019661872

246 omnomnOMINOUS the Poker (level 6, -8/57 HPs)
             Began as an Octopode Wanderer on Oct 23, 2021.
             Was an Initiate of the Shining One.
             Engulfed by a steam dragon's steam (10 damage)
             ... on level 3 of the Dungeon.
             The game lasted 00:06:01 (3029 turns).

omnomnOMINOUS the Poker (Octopode Wanderer)         Turns: 3029, Time: 00:06:02

Health: -8/57      AC: 23    Str:  9 (11) XL:     6   Next: 11%
Magic:  8/8        EV:  2    Int: 14 (16) God:    the Shining One [......]
Gold:   107        SH:  0    Dex: 10 (12) Spells: 7/8 levels left

rFire   . . .      SeeInvis .   a - +2 spear
rCold   . . .      Faith    .   (no shield)
rNeg    . . .      Spirit   .   (helmet currently unavailable)
rPois   +          Reflect  .   (no amulet)
rElec   .          Harm     .   (no ring)
rCorr   .          Rampage  .   (no ring)
Will    .....      NoTele   +   (no ring)
Stlth   +.........              (no ring)
HPRegen 0.19/turn               (no ring)
MPRegen 0.11/turn               (no ring)
                                (no ring)
                                (no ring)

@: tree-form, glowing, invisible (but backlit and visible)
A: stationary, stasis, torment immunity, boosted hp, almost no armour,
(amphibious), 8 rings, (camouflage 1), (gelatinous body 1), (nimble swimmer 1),
(tentacles), frail 1
a: Renounce Religion


You were on level 3 of the Dungeon.
You worshipped the Shining One.
The Shining One was noncommittal.
You were a tree.
You visited 2 branches of the dungeon, and saw 5 of its levels.

You collected 107 gold pieces.

Inventory:

Hand Weapons
 a - a +2 spear (weapon)
 b - a +0 dagger of draining
 l - a +0 flail of holy wrath
Magical Staves
 c - a staff of poison
Scrolls
 f - a scroll of fear {unknown}
 g - 3 scrolls of enchant armour {unknown}
 m - a scroll of brand weapon {unknown}
 n - a scroll of identify {unknown}
 p - 2 scrolls of teleportation
 q - a scroll of vulnerability {unknown}
 r - a scroll of blinking {unknown}
Potions
 d - a potion of might
 h - a potion of lignification
 i - a potion of resistance {unknown}
 j - a potion of degeneration
 k - a potion of cancellation {unknown}
 o - a potion of haste {unknown}


   Skills:
 + Level 3.9 Fighting
 - Level 1.0 Maces & Flails
 + Level 3.9 Polearms
 - Level 1.0 Throwing
 + Level 3.9 Dodging
 + Level 1.9 Spellcasting
 - Level 1.1 Evocations


You had 7 spell levels left.
You knew the following spells:

 Your Spells              Type           Power      Damage    Failure   Level
a - Magic Dart            Conj           4%         1d3       24%         1

Your spell library contained the following spells:

 Spells                   Type           Power      Damage    Failure   Level
 Sandblast                Erth           2%         2d4       24%         1
 Passwall                 Tmut/Erth      0%         N/A       36%         2
 Stone Arrow              Conj/Erth      2%         3d7       58%         3


Dungeon Overview and Level Annotations

Branches:
Dungeon (4/15)             Temple (1/1) D:4

Altars:
Ashenzari
Cheibriados
Gozag
Hepliaklqana
Kikubaaqudgha
Nemelex Xobeh
Okawaru
Qazlal
Ru
Sif Muna
Uskayaw
Vehumet
Wu Jian
Xom
Yredelemnul
The Shining One

Annotations:
D:3 Terence
D:4 exclusions: ogre, orc, orc priest and orc wizard, Purgy


Innate Abilities, Weirdness & Mutations

You are a tree.
Your roots penetrate the ground, keeping you stationary.
You cannot be teleported.
You are immune to unholy pain and torment.
Your maximum health is greatly increased.
You cannot wear most types of armour.
((You are amphibious.))
You can wear up to eight rings at the same time.
((Your skin changes colour to match your surroundings (Stealth+).))
((Your rubbery body absorbs attacks. (AC +1, EV +1)))
((You are camouflaged near water. (Stealth+)))
((You have tentacles for arms and can constrict up to eight enemies at once.))
You are frail. (-10% HP)


Message History

"Time to have some fun!"
Unknown command.
The gnoll shouts!
The ball python completely misses you. The ball python closely misses you.
The gnoll closely misses you. The kobold closely misses you.
The iguana bites you! The gnoll closely misses you.
The ball python closely misses you. The ball python misses you.
You hit the ball python.
You kill the ball python!
The ball python's corpse disappears in a puff of smoke!
There is a stone staircase leading up here.
Press: ? - help, v - describe, . - travel
Here: a gnoll, wielding a +0 halberd (summoned)
The floor.
You climb upwards.
Level annotation: Terence
There is a stone staircase leading down here.
Unknown command.
Unknown command.
The steam dragon hisses angrily.
The steam dragon breathes steam at you. The ball of steam hits you!!
Ouch! That really hurt!
* * * LOW HITPOINT WARNING * * *
Okay, then.
Unknown command.
Okay, then.
Unknown command.
It was a potion of lignification.
You turn into a tree.
Your roots penetrate the ground.
You are engulfed in a cloud of scalding steam.
It was a potion of degeneration.
There was something very wrong with that liquid.
You feel weakened.
You feel dopey.
You feel clumsy.
You are engulfed in a cloud of scalding steam.
It was a potion of invisibility.
You become transparent, but the glow from your halo prevents you from becoming completely invisible.
You are engulfed in a cloud of scalding steam.
You die...

# #.# ###......#.......#..# #
#.#####........#.......#..###
#.......####...#.......#....#
#.......###....#.......#.##.#
#...≈≈.........##.....##.##.#
#...≈≈.≈.####..###.⌠.###.##.#
###.....## #...#######..##.#
####### #.#.........###.#
#♣###.#.#######.## #§#
#............. #§#
###########.## #.# #.## #.#
#.## #D# ### #.## #.# ##.##
#.## #>###.#.#######.##
#.##.###........##


There were no monsters in sight!

Vanquished Creatures
  A hound (D:4)
  A jelly (D:4)
  2 orc priests (D:3)
  An orc wizard (D:4)
  4 adders (D:2)
  2 adder skeletons (D:4)
  A dart slug (D:3)
  8 orcs
  3 bats
  4 endoplasms
  3 giant cockroaches
  7 goblins
  2 hobgoblins (D:2)
  3 quokkas
  6 ball pythons
  2 frilled lizards
  A kobold (D:4)
  3 rats
54 creatures vanquished.

Vanquished Creatures (others)
  3 plants (D:4)
3 creatures vanquished.

Grand Total: 57 creatures vanquished

Notes
Turn   | Place    | Note
-------+----------+-------------------------------------------
     0 | D:1      | omnomnOMINOUS the Octopode Wanderer began the quest for the
                  | Orb.
     0 | D:1      | omnomnOMINOUS set off with the following items: a +2 spear,
                  | a +0 mace, a scroll of teleportation
     0 | D:1      | Reached XP level 1. HP: 16/16 MP: 1/1
   259 | D:1      | Reached XP level 2. HP: 20/21 MP: 2/2
   300 | D:1      | Found a faded altar of an unknown god.
   308 | D:1      | Got Plato's Collected Works on Battle Magic
   309 | D:1      | Prayed at the altar of an unknown god.
   309 | D:1      | Became a worshipper of Xom the Elder Chaos God
   322 | D:1      | Fell from the grace of Xom
   748 | D:2      | Reached XP level 3. HP: 26/26 MP: 3/3
   757 | D:2      | Learned a level 1 spell: Magic Dart
   843 | D:2      | XOM: give mutations
   843 | D:2      | Gained mutation: You are frail. (-10% HP) [Xom's mischief]
  1088 | D:2      | Reached XP level 4. HP: 17/27 MP: 4/4
  1831 | D:3      | Noticed Terence
  1874 | D:3      | Reached skill level 1 in Spellcasting
  1882 | D:3      | Reached XP level 5. HP: 11/32 MP: 6/6
  2323 | D:3      | Noticed a steam dragon
  2430 | D:4      | XOM: summons 6 hostile demons
  2788 | D:4      | Noticed Purgy
  2876 | D:4      | Noticed an ogre
  2947 | D:4      | Found a staircase to the Ecumenical Temple.
  2953 | D:4      | Reached XP level 6. HP: 37/38 MP: 8/8
  2961 | Temple   | Entered the Ecumenical Temple
  2968 | Temple   | Became a worshipper of the Shining One
  3002 | D:4      | XOM: summons 4 hostile shadow creatures
  3026 | D:3      | HP: 1/38 [something/ball of steam (24)]
  3029 | D:3      | Engulfed by a steam dragon's steam

Illustrated notes

Levels and vault maps discovered:
D:1:      minmay_arrival_glassed_features, layout_basic,
          shapermc_ecumenical_altar_rom_forum
D:2:      layout_basic
D:3:      cheibrodos_pilgrimage, layout_loops_ring, serial_rivers,
          chequers_serial_rivers_micro_e, chequers_serial_rivers_micro_e,
          chequers_serial_rivers_large_a, chequers_serial_rivers_micro_e,
          chequers_serial_rivers_micro_c, solitary_fountain, uniq_terence
D:4:      layout_basic, minmay_temple_entry_gardened_gates, minmay_misc_feat_x,
          guppyfry_early_orc_mine, uniq_purgy
Temple:   nicolae_temple_no_exploring_needed

Skill      XL: |  1  2  3  4 |
---------------+-------------+-----
Dodging        | 2 3 |  3.9
Spellcasting   | 1 |  1.9
Fighting       | |  3.9
Maces & Flails | |  1.0
Polearms       | |  3.9
Throwing       | |  1.0
Evocations     | |  1.1

Action                   |  1- 3 |  4- 6 || total
-------------------------+-------+-------++-------
Melee: Spear             |    67 |    82 ||   149
       Constrict         |    11 |    16 ||    27
       Tentacles         |     8 |    12 ||    20
Invok: Renounce Religion |     1 |       ||     1
  Use: Potion            |       |     4 ||     4
       Scroll            |       |     1 ||     1
 Stab: Sleeping          |     4 |     8 ||    12
Armor: Skin              |     5 |     5 ||    10
Dodge: Dodged            |    26 |    40 ||    66

Table legend: (Time is in decaauts)
 A = Elapsed time spent in this place.
 B = Non-inter-level travel time spent in this place.
 C = Inter-level travel time spent in this place.
 D = Time resting spent in this place.
 E = Time spent auto-exploring this place.
 F = Levels seen in this place.
 G = Mean time per level.
                   A        B        C        D        E       F      G
               +--------+--------+--------+--------+--------+-----+--------+
         Total |   3020 |   2931 |     89 |    410 |   2036 |   5 |  604.0 |
       Dungeon |   3005 |   2916 |     89 |    410 |   2036 |   4 |  751.2 |
        Temple |     14 |     14 |      0 |      0 |      0 |   1 |   14.0 |
               +--------+--------+--------+--------+--------+-----+--------+

Top non-repeatable levels by time:
     D:2: 999 daAuts
     D:1: 736 daAuts
     D:4: 669 daAuts
     D:3: 599 daAuts
  Temple: 14 daAuts
